Map: Abiogenesis LE

Players

Kozzy - Winner!

  • Race: Protoss Protoss
  • League: Gold
  • Spawn Location: 11:00

Exmodel

  • Race: Zerg Zerg
  • League: Gold
  • Spawn Location: 5:00

VOD

Have the link to the VOD?

Description

Time

  • Played on: April 11, 2018, 3:48 p.m.
  • Length: 8:57
Show
View Real Time Build Order
Export as new Build Order

Kozzy Protoss - Winner!

Build Orders:  

Get SALT Encoding   

  12  0:02  Probe  
  13  0:14  Probe  
  14  0:20  Pylon  
  14  0:26  Probe  
  15  0:38  Probe (Chrono Boost)  
  15  0:40  Gateway  
  17  0:50  Probe (Chrono Boost)  
  17  0:54  Assimilator  
  17  0:55  Probe (Chrono Boost)  
  18  1:17  Probe  
  19  1:26  Pylon, Zealot (Chrono Boost)  
  19  1:30  Probe  
  19  1:32  Cybernetics Core  
  22  1:45  Zealot  
  24  2:08  Pylon  
  24  2:10  Shield Battery  
  24  2:11  Warp Gate  
  24  2:12  Stalker  
  26  2:26  Assimilator  
  26  2:35  Robotics Facility  
  26  2:36  Pylon  
  26  2:42  Gateway  
  26  2:49  Pylon  
  26  3:00  Forge  
  26  3:07  Gateway  
  26  3:11  Probe  
  27  3:23  Probe  
  27  3:25  Protoss Ground Weapons Level 1 (Chrono Boost)  
  28  3:33  Immortal (Chrono Boost)  
  32  3:55  Pylon  
  32  4:09  Immortal (Chrono Boost)  
  36  4:19  Zealot x2  
  36  4:23  Stalker  
  42  4:41  Immortal  
  42  4:45  Zealot  
  48  4:52  Zealot  
  50  4:57  Zealot  
  52  5:04  Pylon  
  52  5:12  Photon Cannon  
  52  5:24  Pylon  
  52  5:27  Zealot  
  54  5:40  Immortal (Chrono Boost)  
  40  6:42  Immortal  
  40  6:44  Zealot x3  
  48  7:05  Zealot x3  
  54  7:22  Immortal (Chrono Boost)  
  54  7:30  Zealot x3  
  56  7:54  Zealot  
  56  7:55  Zealot x2  
  56  7:58  Immortal (Chrono Boost)  
  62  8:32  Zealot x3  
Show
View Real Time Build Order
Export as new Build Order

Exmodel Zerg 

Build Orders: Pool First 

Get SALT Encoding   

  12  0:01  Drone  
  13  0:24  Spawning Pool  
  12  0:33  Drone  
  12  0:34  Drone  
  14  0:39  Extractor, Drone  
  14  1:05  Hatchery  
  14  1:07  Drone  
  14  1:23  Overlord  
  14  1:44  Drone  
  14  1:45  Drone x2  
  17  1:50  Metabolic Boost  
  17  1:59  Queen  
  19  2:04  Drone  
  20  2:09  Drone  
  21  2:17  Overlord  
  21  2:29  Drone  
  23  2:30  Drone  
  23  2:32  Queen  
  25  2:37  Drone  
  26  2:48  Zergling x2  
  26  2:50  Zergling x2  
  28  2:52  Drone x2  
  30  3:02  Drone x2  
  32  3:14  Drone  
  32  3:15  Drone, Overlord  
  32  3:16  Drone  
  35  3:26  Drone  
  36  3:30  Extractor, Drone  
  36  3:33  Extractor, Drone x2, Queen  
  39  3:39  Drone  
  40  3:46  Drone  
  41  3:50  Hatchery  
  40  3:59  Drone x3  
  40  4:00  Drone, Overlord  
  44  4:16  Overlord  
  44  4:26  Roach Warren  
  44  4:28  Evolution Chamber  
  43  4:31  Drone x2  
  43  4:32  Drone  
  43  4:35  Drone x2  
  43  4:36  Drone x3  
  43  4:37  Overlord  
  50  4:49  Drone  
  50  4:50  Drone  
  51  5:03  Spine Crawler  
  50  5:07  Roach  
  50  5:08  Roach x6  
  50  5:09  Spine Crawler  
  63  5:16  Queen  
  67  5:21  Roach  
  67  5:32  Roach  
  67  5:33  Roach x2  
  67  5:34  Overlord  
  73  5:58  Roach  
  73  5:59  Roach x3  
  73  6:00  Overlord x4  
  73  6:01  Overlord  
  81  6:09  Roach x2  
  82  6:18  Roach x3  
  82  6:19  Roach  
  82  6:23  Roach x4  
  82  6:27  Roach  
  76  6:32  Roach  
  76  6:33  Roach  
  66  6:40  Zergling x2  
  66  6:41  Zergling x6  
  66  6:44  Zergling x4  
  63  6:52  Zergling x2  
  63  6:53  Zergling x2  
  55  7:02  Zergling x4  
  55  7:06  Zergling x2  
  55  7:07  Zergling x2  
  54  7:12  Zergling x2  
  54  7:14  Zergling x2  
  54  7:15  Queen  
  48  7:21  Zergling x2  
  48  7:22  Zergling x6  
  54  7:28  Zergling x8  
  55  7:31  Zergling x2  
  55  7:34  Zergling x2  
  54  7:43  Drone  
  40  8:10  Spawning Pool  
  34  8:19  Spawning Pool  
  33  8:23  Drone x5  
  38  8:28  Hatchery  
Tags
 
League
GoldGold
Matchup
PvZ
Opening
Pool First
Spawn Locations
Cross Positions
Add a new tag
Caveats
  • Supply blocks, unpowered buildings, or Contaminate may cause inaccurate times.
  • Supply counts are checked every 10 seconds.